Map: Освоение РВ

Players

Nitrate - Winner!

  • Race: Protoss Protoss
  • League: Gold
  • Spawn Location: 6:00

Вагнер - Winner!

  • Race: Terran Terran
  • Spawn Location: 5:00

Сергеич

  • Race: Terran Terran
  • League: Gold
  • Spawn Location: 12:00

Михалыч

  • Race: Terran Terran
  • League: Silver
  • Spawn Location: 11:00

VOD

Have the link to the VOD?

Description

Time

  • Played on: Feb. 26, 2026, 1:13 p.m.
  • Length: 13:00
Show
View Real Time Build Order
Export as new Build Order

Nitrate Protoss - Winner!

Build Orders: 1 Gate Expand, Blink Stalkers 

Get SALT Encoding   

  12  0:00  Probe  
  13  0:13  Probe  
  14  0:18  Pylon  
  14  0:25  Probe  
  15  0:37  Probe  
  16  0:48  Gateway  
  16  0:49  Probe  
  17  0:53  Assimilator  
  17  1:01  Probe  
  18  1:09  Probe  
  17  1:18  Probe  
  19  1:31  Probe  
  20  1:42  Probe  
  20  1:43  Nexus  
  21  1:55  Probe, Cybernetics Core  
  21  1:59  Assimilator  
  22  2:12  Warp Gate, Probe  
  23  2:18  Pylon  
  23  2:33  Stalker  
  23  2:36  Probe  
  26  2:39  Gateway  
  26  2:48  Probe  
  27  3:01  Probe, Pylon  
  27  3:02  Stalker  
  27  3:03  Probe  
  30  3:13  Probe  
  30  3:18  Probe  
  32  3:25  Twilight Council, Probe  
  33  3:30  Probe  
  34  3:37  Probe  
  35  3:43  Probe  
  36  3:49  Probe  
  36  3:51  Blink  
  36  3:54  Forge  
  37  4:01  Probe  
  38  4:02  Probe  
  38  4:05  Assimilator  
  38  4:09  Probe  
  39  4:10  Gateway, Probe  
  41  4:32  Probe  
  41  4:34  Stalker x2  
  46  4:39  Gateway  
  46  4:40  Probe  
  46  4:44  Probe  
  46  5:01  Probe  
  46  5:05  Stalker x2  
  46  5:06  Protoss Ground Weapons Level 1  
  51  5:09  Probe  
  51  5:13  Assimilator  
  52  5:23  Probe x2  
  54  5:34  Robotics Facility  
  54  5:41  Pylon  
  54  5:47  Gateway  
  54  5:49  Pylon  
  54  6:10  Stalker x2  
  54  6:11  Stalker x2  
  62  6:31  Warp Prism  
  62  6:34  Charge  
  62  6:38  Probe  
  62  6:39  Probe  
  66  6:51  Probe x2  
  68  6:56  Gateway x2  
  68  7:01  Nexus  
  68  7:03  Probe  
  68  7:04  Pylon  
  68  7:07  Probe  
  70  7:09  Pylon  
  70  7:22  Pylon, Probe  
  71  7:23  Pylon  
  69  7:48  Stalker x3  
  69  7:49  Stalker  
  59  8:21  Stalker x4  
  59  8:23  Probe  
  59  8:25  Probe  
  59  8:26  Probe  
  70  8:27  Gateway  
  70  8:30  Gateway  
  70  8:31  Gateway  
  68  8:35  Probe  
  68  8:36  Templar Archives  
  68  8:37  Probe  
  68  8:38  Probe, Assimilator  
  69  8:42  Assimilator  
  69  8:47  Probe  
  62  9:01  Stalker x4  
  68  9:09  Stalker  
  70  9:10  Stalker x2  
  74  9:22  Observer  
  75  9:45  Stalker x4  
  79  9:46  Stalker x3  
  81  10:06  Psionic Storm  
  81  10:07  Protoss Ground Weapons Level 2  
  75  10:08  Probe  
  75  10:09  Probe x2  
  75  10:12  Stalker x2  
  75  10:13  Stalker x5  
  92  10:20  Probe  
  92  10:21  Probe x2  
  95  10:29  Stalker x2  
  95  10:30  Stalker  
  95  10:33  Probe  
  90  10:59  Stalker  
  90  11:00  Stalker x7  
  90  11:01  Stalker x2  
  98  11:37  Stalker x8  
  98  11:38  Stalker x2  
  106  12:03  High Templar x3  
  106  12:05  Zealot x2  
  116  12:09  Archon  
  116  12:12  Nexus  
  116  12:15  Pylon  
  116  12:19  Pylon  
  116  12:28  Pylon x2  
Show
View Real Time Build Order
Export as new Build Order

Вагнер Terran - Winner!

Build Orders: 2 Factory, Mech 

Get SALT Encoding   

  12  0:00  SCV  
  13  0:12  SCV  
  14  0:21  Supply Depot  
  14  0:33  SCV  
  15  0:46  SCV, Barracks  
  15  0:49  Refinery  
  16  1:08  SCV  
  17  1:14  Supply Depot  
  17  1:19  Refinery  
  17  1:20  SCV  
  18  1:32  SCV  
  19  1:44  SCV  
  20  1:49  Marine  
  20  1:52  Factory  
  21  1:56  Supply Depot  
  21  2:00  Engineering Bay  
  21  2:11  Factory  
  21  2:25  Orbital Command  
  21  2:35  Factory Tech Lab  
  21  2:38  Barracks Tech Lab  
  21  2:55  Siege Tank  
  21  2:57  Factory Tech Lab  
  24  3:08  Marauder  
  26  3:16  Siege Tank  
  29  3:22  Armory  
  29  3:29  Missile Turret  
  29  4:05  SCV, Command Center  
  29  4:06  Missile Turret  
  30  4:12  Siege Tank  
  31  4:49  Siege Tank  
  33  5:09  SCV  
  34  5:24  Terran Vehicle Weapons Level 1  
  34  5:25  Missile Turret  
  34  5:26  Thor  
  40  5:36  Missile Turret  
  40  5:38  Missile Turret  
  41  5:46  SCV  
  41  5:51  Planetary Fortress  
  41  5:55  Marine  
  42  5:59  Missile Turret  
  42  6:05  Factory  
  39  6:13  Marine  
  35  6:31  Marine  
  36  6:35  Missile Turret  
  36  6:46  Missile Turret  
  36  6:47  SCV  
  36  6:52  Factory Tech Lab  
  37  6:54  Factory Tech Lab  
  37  6:59  SCV  
  38  7:04  Missile Turret  
  38  7:05  Marine  
  39  7:09  SCV  
  40  7:21  Terran Vehicle Weapons Level 2  
  40  7:23  SCV  
  41  7:33  Marauder  
  37  7:59  Thor  
  43  8:28  Thor  
  42  9:32  SCV  
  43  9:38  Supply Depot  
  43  9:40  Marauder  
  43  9:44  SCV  
  46  9:57  SCV  
  46  9:58  Thor x2  
  50  10:02  Supply Depot  
  48  10:09  SCV x2  
  50  10:21  SCV  
  51  10:22  SCV  
  51  10:24  Supply Depot  
  52  10:33  SCV  
  52  10:34  SCV  
  54  10:37  Command Center, Thor  
  60  10:45  SCV  
  60  10:46  SCV  
  60  10:48  Supply Depot  
  62  10:54  Refinery  
  62  10:56  Refinery  
  62  10:57  SCV  
  62  10:58  SCV  
  62  11:00  Terran Vehicle And Ship Armor Level 1  
  64  11:09  SCV  
  64  11:10  SCV  
  66  11:16  Thor  
  66  11:18  Marine  
  73  11:21  SCV  
  73  11:22  SCV  
  75  11:33  SCV  
  75  11:34  SCV  
  75  11:36  Marine  
  78  11:45  SCV  
  79  11:50  SCV  
  79  11:53  Marine, Refinery  
  81  11:55  Refinery  
  81  11:58  SCV  
  81  12:01  Missile Turret  
  82  12:02  SCV  
  82  12:03  Thor  
  89  12:10  SCV  
  89  12:11  Marine  
  89  12:13  Siege Tank  
  89  12:14  SCV  
  101  12:29  Supply Depot  
  101  12:30  Supply Depot  
Show
View Real Time Build Order
Export as new Build Order

Сергеич Terran 

Build Orders: 1/1/1 

Get SALT Encoding   

  12  0:01  SCV  
  13  0:20  Supply Depot  
  13  0:23  SCV  
  14  0:46  Barracks  
  14  0:51  Refinery  
  14  0:53  Refinery  
  14  0:54  SCV  
  15  1:10  SCV  
  16  1:22  SCV  
  17  1:38  Factory  
  17  1:39  Orbital Command  
  17  1:46  Supply Depot  
  17  2:05  Barracks Reactor  
  17  2:26  Starport  
  17  2:27  SCV  
  18  2:31  Supply Depot  
  18  2:39  SCV  
  19  2:44  Marine x2  
  22  2:51  SCV  
  22  3:01  Hellion  
  22  3:04  Marine x2  
  26  3:12  SCV  
  27  3:15  Starport Reactor  
  27  3:24  Marine x2, SCV  
  27  3:25  Hellion  
  32  3:31  Supply Depot  
  32  3:39  SCV  
  33  3:49  Factory Tech Lab  
  33  3:51  Marine x2  
  35  3:57  Medivac x2  
  35  3:58  Bunker  
  39  4:09  Marine x2  
  41  4:13  Siege Tank  
  44  4:21  Supply Depot  
  44  4:27  Marine x2  
  45  4:38  Medivac  
  45  4:42  Medivac  
  45  4:44  Marine  
  45  4:45  Marine  
  51  5:02  Marine  
  51  5:03  Marine  
  53  5:36  Command Center  
  53  5:39  Supply Depot  
  53  6:01  Siege Tank  
  37  6:41  Engineering Bay  
  37  6:56  Marine x2  
  39  7:21  Bunker  
  39  7:23  SCV  
  39  7:29  Liberator x2  
  37  7:55  Marine x2  
  39  8:01  Siege Tank  
  39  9:15  Marine  
  39  9:16  Marine  
  31  9:41  Siege Tank  
  34  9:54  Marine x2  
  36  10:07  Fusion Core  
  36  10:09  Starport  
  36  10:10  Starport  
  36  10:13  Siege Tank  
  39  10:14  Starport Tech Lab  
  39  10:52  Starport Tech Lab x2  
  39  11:11  Battlecruiser x3  
  57  11:49  SCV  
  58  11:59  Command Center  
  58  12:01  SCV  
Show
View Real Time Build Order
Export as new Build Order

Михалыч Terran 

Build Orders: 1/1/1 

Get SALT Encoding   

  12  0:00  SCV  
  13  0:12  SCV  
  14  0:18  Supply Depot  
  14  0:25  Refinery  
  14  0:29  SCV  
  15  0:42  Barracks  
  15  0:47  SCV  
  16  1:05  Supply Depot  
  16  1:07  SCV  
  16  1:10  Refinery  
  17  1:22  SCV  
  18  1:34  Factory  
  18  1:44  Barracks Tech Lab  
  18  1:46  Orbital Command  
  18  2:12  SCV  
  19  2:19  Starport  
  19  2:33  Siege Tank  
  19  2:36  SCV  
  23  2:44  Marine  
  24  2:53  SCV  
  25  3:00  Starport Tech Lab  
  25  3:02  Fusion Core  
  25  3:13  SCV  
  26  3:46  Command Center  
  26  4:00  Supply Depot  
  26  4:05  SCV  
  27  4:22  Battlecruiser  
  33  4:28  Supply Depot  
  33  4:43  Starport  
  33  5:01  Siege Tank  
  36  5:10  Orbital Command  
  36  5:14  Refinery  
  36  5:22  Starport Tech Lab  
  36  5:33  Battlecruiser  
  42  5:40  Refinery  
  42  5:48  SCV  
  43  6:00  SCV  
  44  6:12  SCV  
  45  6:25  SCV  
  46  6:37  SCV, Battlecruiser  
  53  6:49  SCV  
  54  6:57  Armory, Weapon Refit  
  54  7:01  SCV  
  55  7:11  Supply Depot  
  55  7:13  SCV  
  56  7:15  Supply Depot  
  56  7:25  SCV  
  56  7:28  Starport  
  57  7:33  Battlecruiser  
  57  7:37  Supply Depot, SCV  
  63  7:39  Supply Depot  
  64  8:01  Supply Depot  
  64  8:03  Supply Depot  
  51  8:29  Battlecruiser  
  57  8:37  Battlecruiser  
  62  8:53  Starport Tech Lab  
  56  9:16  Battlecruiser  
  62  9:21  Terran Vehicle And Ship Armor Level 1  
  60  9:40  SCV  
  61  9:52  SCV  
  56  9:56  Command Center  
  54  10:04  SCV  
  55  10:13  Battlecruiser  
  61  10:15  Battlecruiser  
  67  10:30  Supply Depot  
  14  12:06  Supply Depot  
  12  12:19  Factory  
  12  12:45  Starport Tech Lab  
Tags
 
Add a new tag
Caveats
  • Supply blocks, unpowered buildings, or Contaminate may cause inaccurate times.
  • Supply counts are checked every 10 seconds.